 Dungeon Crawl Stone Soup version 0.13.1-28-g3517093 (console) character file.

245 Revolution the Chopper (level 5, 0/50 HPs)
             Began as a Deep Dwarf Berserker on Mar 3, 2014.
             Was a Follower of Trog.
             Slain by a gnoll sergeant
             ... wielding a +2,+1 spear of flaming
              (3 damage)
             ... on Level 10 of the Dungeon.
             The game lasted 00:04:31 (514 turns).

Revolution the Chopper (Deep Dwarf Berserker)        Turns: 514, Time: 00:04:31

HP   0/50        AC  4     Str 25      XL: 5   Next: 12%
MP   4/4         EV 19     Int  8      God: Trog [*.....]
Gold 92          SH  0     Dex 18      Spells:  0 memorised,  4 levels left

Res.Fire  : . . .   See Invis. : .   k - +0 broad axe
Res.Cold  : . . .   Warding    : .   b - +0 animal skin
Life Prot.: . . .   Conserve   : .   (no shield)
Res.Poison: .       Res.Corr.  : .   i - +2 wizard hat (curse)
Res.Elec. : .       Clarity    : .   (no cloak)
Sust.Abil.: . .     Spirit.Shd : .   (no gloves)
Res.Mut.  : .       Stasis     : .   (no boots)
Res.Rott. : .       Flight     : .   (no amulet)
Saprovore : . . .                    (no ring)
                                     (no ring)

@: non-regenerating, confused, exhausted, mighty, agile, quite poisoned, slowed,
very slow, somewhat resistant to hostile enchantments, fairly stealthy
A: damage resistance, recharge devices, sense surroundings 1, slow healing 3
a: Device Recharging, Burn Spellbooks, Berserk, Renounce Religion


You were on level 10 of the Dungeon.
You worshipped Trog.
Trog was aware of your devotion.
You were near starving.

You visited 1 branch of the dungeon, and saw 9 of its levels.

You collected 72 gold pieces.

Inventory:

Hand weapons
 a - a +0,+0 dwarven hand axe {=f}
 k - a +0,+0 broad axe (weapon)
Armour
 b - a +0 animal skin (worn)
 i - a cursed +2 wizard hat (worn)
Magical devices
 c - a wand of heal wounds (3)
Comestibles
 d - 3 bread rations
Scrolls
 e - a scroll of identify {unknown}
 f - a scroll of enchant weapon II {unknown}
 g - 2 scrolls of remove curse {unknown}
 h - a scroll of recharging {unknown}
 n - a scroll of curse armour {unknown}
Jewellery
 o - an uncursed ring of protection from fire {unknown}
Books
 m - a book of Necromancy

   Spells                             Type                      Level
   Pain                               Necromancy                   1
   Animate Skeleton                   Necromancy                   1
   Lethal Infusion                    Charms/Necromancy            2
   Vampiric Draining                  Necromancy                   3
   Regeneration                       Charms/Necromancy            3
   Animate Dead                       Necromancy                   4
   Control Undead                     Necromancy                   4
   Trog disapproves of the use of such an item.


   Skills:
 + Level 3.3 Fighting
 * Level 4.3 Axes
 * Level 3.8 Armour
 + Level 3.1 Dodging


You had 4 spell levels left.
You didn't know any spells.

Dungeon Overview and Level Annotations

Branches:
Dungeon (10/27)
 Temple: D:4-7          Orc: D:6-11        Lair: D:8-13

Altars:
Elyvilon

Annotations:
D:8 exclusion: oklob plant


Innate Abilities, Weirdness & Mutations

You are resistant to damage.
You can recharge devices by infusing magical energy.
You passively map a small area around you.
You do not heal naturally.


Message History

The explosion of spores engulfs the gnoll.
The gnoll dies!
You hear a shout!
You hear a bark!
You hear a bark!
You hear a bark!
You hear a bark!
Drink which item? (? for menu, Esc to quit)
You feel agile all of a sudden.
It was a potion of agility.
The phantom blinks!
The gnoll sergeant hits you from afar with a spear of flaming.
The gnoll sergeant burns you.
Evoke which item? (* to show all) (? for menu, Esc to quit)
Zapping:
c - a wand of heal wounds (3)
Press: ? - help, Shift-Dir - straight line, f - you
Okay, then.
Unknown command.
Unknown command.
Drink which item? (? for menu, Esc to quit)
You feel very mighty all of a sudden.
It was a potion of might.
The gnoll sergeant hits you from afar with a spear of flaming.
You die...

#..###.............*
,
*#.##...............,
#.................. ,
*#........ยง........
*#...........).# ** ,
#............# , ,
#...........## ** , ,
#........fg## * ,,,
#.......@.## , ,
*#........## , ,
#.......## ,
#......## , *
#.....## #.....## ,
..)...## #.<<<.##
#######


You could see a gnoll sergeant.

Vanquished Creatures
  A giant frog (D:7)
  A crimson imp (D:5)
  A mummy (D:6)
  A gnoll (D:10)
  An adder (D:6)
  A giant eyeball (D:6)
  A giant gecko (D:3)
  An ooze (D:2)
  An orc (D:7)
  2 bats (D:1)
  2 giant cockroaches
  2 goblins (D:1)
  A ball python (D:2)
  A giant newt (D:2)
  2 kobolds (D:2)
  A rat (D:1)
20 creatures vanquished.

Vanquished Creatures (others)
  A gnoll (D:10)
  A giant spore (D:10)
2 creatures vanquished.

Grand Total: 22 creatures vanquished

Notes
Turn   | Place    | Note
--------------------------------------------------------------
     0 | D:1      | Revolution, the Deep Dwarf Berserker, began the quest for the Orb.
     0 | D:1      | Reached XP level 1. HP: 21/21 MP: 0/0
   100 | D:2      | Reached XP level 2. HP: 28/28 MP: 1/1
   284 | D:5      | Entered Level 5 of the Dungeon
   304 | D:5      | Reached XP level 3. HP: 21/36 MP: 2/2
   360 | D:6      | Reached XP level 4. HP: 16/43 MP: 3/3
   444 | D:8      | Found a white marble altar of Elyvilon.
   444 | D:8      | Noticed an oklob plant
   444 | D:8      | Noticed a giant frog
   451 | D:7      | Killed a giant frog
   451 | D:7      | Reached skill level 4 in Axes
   459 | D:7      | Reached XP level 5. HP: 4/50 MP: 4/4
   461 | D:7      | Acquired Trog's second power
   476 | D:8      | You fall through a shaft!
   476 | D:10     | Entered Level 10 of the Dungeon
   476 | D:10     | Noticed a phantom
   514 | D:10     | Slain by a gnoll sergeant

Action                   |  1- 3 |  4- 6 || total
-------------------------+-------+-------++-------
Melee: Hand axe          |    50 |       ||    50
       Broad axe         |       |    14 ||    14
Invok: Berserk           |     1 |     2 ||     3
       Trog's Hand       |       |     1 ||     1
Evoke: Wand              |       |     2 ||     2
  Use: Potion            |       |     2 ||     2
